 Dungeon Crawl Stone Soup version 0.28-a0-863-g8cecda6153 (webtiles) character file.

Game seed: 13914541220205774391

39 Ijustatesigmund the Skirmisher (level 3, 0/30 HPs)
             Began as a Demonspawn Fighter on Nov 19, 2021.
             Succumbed to an adder's poison
             ... on level 2 of the Dungeon.
             The game lasted 00:01:56 (954 turns).

Ijustatesigmund the Skirmisher (Demonspawn Fighter)  Turns: 954, Time: 00:01:56

Health: 0/30       AC: 12    Str: 16    XL:     3   Next: 28%
Magic:  3/3        EV:  6    Int: 10    God:
Gold:   62         SH:  4    Dex: 12    Spells: 2/2 levels left

rFire   . . .      SeeInvis .   a - +0 war axe
rCold   . . .      Faith    .   c - +0 buckler
rNeg    . . .      Spirit   .   b - +0 chain mail
rPois   .          Reflect  .   e - +0 helmet
rElec   .          Harm     .   (no cloak)
rCorr   .          Rampage  .   (no gloves)
Will    .....                   (no boots)
Stlth   ..........              (no amulet)
HPRegen 0.10/turn               (no ring)
MPRegen 0.08/turn               (no ring)

@: lethally poisoned (0 -> -2), flying, invisible
A: yellow scales 1
a: no special abilities


You were on level 2 of the Dungeon.
You visited 1 branch of the dungeon, and saw 2 of its levels.

You collected 62 gold pieces.

Inventory:

Hand Weapons
 a - a +0 war axe (weapon)
Armour
 b - a +0 chain mail (worn)
 c - a +0 buckler (worn)
 e - a +0 helmet (worn)
Potions
 d - a potion of might


   Skills:
 + Level 3.8 Fighting
 + Level 2.7 Axes
 - Level 2.6 Armour
 - Level 2.6 Shields


You had 2 spell levels left.
You didn't know any spells.
Your spell library was empty.

Dungeon Overview and Level Annotations

Branches:
Dungeon (2/15)

Altars:


Innate Abilities, Weirdness & Mutations

You are partially covered in yellow scales. (AC +2)


Message History

The adder poisons you!
You closely miss the adder.
You feel sick. The adder barely misses you. The adder bites you.
You barely miss the adder.
You feel sick. The adder bites you but does no damage.
You block the adder's attack.
An adder is nearby!
You hit the adder but do no damage.
You feel sick.
You are no longer poisoned.
The adder bites you but does no damage. The adder bites you.
You are poisoned.
The adder poisons you!
You miss the adder.
You feel sick. You block the adder's attack.
You are too injured to fight recklessly!
You are too injured to fight recklessly!
You are too injured to fight recklessly!
You are too injured to fight recklessly!
You closely miss the adder.
You feel sick. The adder bites you but does no damage. The adder bites you.
You are more poisoned.
The adder poisons you!
You barely miss the adder.
* * * LOW HITPOINT WARNING * * *
You feel very sick. The adder barely misses you.
The adder bites you but does no damage.
You slash the adder!
The adder is heavily wounded.
You feel sick. The adder bites you but does no damage.
You block the adder's attack.
You miss the adder.
The adder is heavily wounded.
You feel sick. You block the adder's attack.
The adder bites you but does no damage.
It was a potion of invisibility.
You fade into invisibility!
You feel sick. The adder bites you.
* * * LOW HITPOINT WARNING * * *
It was a potion of flight.
You feel very buoyant.
You fly up into the air.
You die...

........##
...##.#..######.
#####.##........
# #.#......... #
#...'########+ #
##..#........#
#..#†'####'.#
##.#.#....#.#
#.#.#.##.#@#
#.#.#.##.#S#
#.#.#....#.#
#.#.+####+.# #..
..# +# ##+


You could see an adder.

Vanquished Creatures
  5 dart slugs (D:1)
  6 bats
  An endoplasm (D:1)
  4 goblins
  3 hobgoblins (D:1)
  2 quokkas (D:1)
  4 ball pythons (D:1)
  A frilled lizard (D:1)
  2 rats (D:1)
28 creatures vanquished.

Vanquished Creatures (others)
  4 toadstools (D:1)
4 creatures vanquished.

Grand Total: 32 creatures vanquished

Notes
Turn   | Place    | Note
-------+----------+-------------------------------------------
     0 | D:1      | Ijustatesigmund the Demonspawn Fighter began the quest for
                  | the Orb.
     0 | D:1      | Reached XP level 1. HP: 18/18 MP: 1/1
    24 | D:1      | Gained mutation: You are partially covered in yellow
                  | scales. (AC +2) [demonic ancestry]
    24 | D:1      | Reached XP level 2. HP: 7/24 MP: 2/2
   266 | D:1      | Found a faded altar of an unknown god.
   567 | D:1      | Reached XP level 3. HP: 25/29 MP: 3/3
   953 | D:2      | HP: 1/30 [adder (4)]
   954 | D:2      | Succumbed to an adder's poison

Illustrated notes

Levels and vault maps discovered:
D:1:      ldierk_walled_garden_2, layout_rooms, basic_ecumenical_altar,
          grunt_decor_fettered, minmay_heptomino_h4
D:2:      layout_rooms, minmay_misc_feat_five, minivault_11

Skill      XL: |  1 |
---------------+----+-----
Axes           | 2 |  2.7
Fighting       | |  3.8
Armour         | |  2.6
Shields        | |  2.6

Action                   || total
-------------------------++-------
Melee: War axe           ||    77
  Use: Potion            ||     2
       Scroll            ||     1
Armor: Scale mail        ||    21
       Chain mail        ||    30
Dodge: Dodged            ||    30
Block: Buckler           ||    27

Table legend: (Time is in decaauts)
 A = Elapsed time spent in this place.
 B = Non-inter-level travel time spent in this place.
 C = Inter-level travel time spent in this place.
 D = Time resting spent in this place.
 E = Time spent auto-exploring this place.
 F = Levels seen in this place.
 G = Mean time per level.
                   A        B        C        D        E       F      G
               +--------+--------+--------+--------+--------+-----+--------+
         Total |    990 |    976 |     14 |    205 |    550 |   2 |  495.0 |
       Dungeon |    990 |    976 |     14 |    205 |    550 |   2 |  495.0 |
               +--------+--------+--------+--------+--------+-----+--------+

Top non-repeatable levels by time:
     D:1: 914 daAuts
     D:2: 76 daAuts
